 Dungeon Crawl Stone Soup version 0.23.1 (webtiles) character file.

Game seed: 18208791147441479953

4960 Freyura the Basher (level 10, -2/64 HPs)
             Began as a Gargoyle Fighter on Mar 5, 2019.
             Was a Follower of the Shining One.
             Killed by divine providence
             ... invoked by an orc priest
              (15 damage)
             ... on level 8 of the Dungeon.
             The game lasted 00:28:16 (6915 turns).

Freyura the Basher (Gargoyle Fighter)               Turns: 6915, Time: 00:28:17

Health: -2/64      AC: 26    Str: 20    XL:     10   Next: 53%
Magic:  0/11       EV:  4    Int:  9    God:    the Shining One [*.....]
Gold:   179        SH: 16    Dex: 12    Spells: 9/9 levels left

rFire    + . .     SeeInvis .   d - +3 whip (venom)
rCold    x . .     Gourm    .   q - +0 large shield
rNeg     + . .     Faith    .   s - +0 chain mail
rPois    ∞         Spirit   +   o - +0 helmet (curse)
rElec    +         Reflect  .   h - +0 cloak (curse)
rCorr    .         Harm     .   r - +1 pair of gloves
MR       .....                  k - +2 pair of boots
Stlth    ..........             x - amulet of guardian spirit
HPRegen  0.20/turn              p - ring of fire
MPRegen  0.12/turn              (no ring)

@: glowing
A: negative energy resistance 1, electricity resistance, unbreathing,
petrification resistance, rot immunity, AC +7
a: Renounce Religion


You were on level 8 of the Dungeon.
You worshipped the Shining One.
The Shining One was aware of your devotion.
You were not hungry.

You visited 2 branches of the dungeon, and saw 9 of its levels.
You also visited: Ossuary.

You collected 353 gold pieces.
You spent 158 gold pieces at shops.
You donated 16 gold pieces to Zin.

Inventory:

Hand Weapons
 d - a +3 whip of venom (weapon)
Armour
 h - a cursed +0 cloak (worn)
 k - a +2 pair of boots (worn)
 o - a cursed +0 helmet (worn)
 q - a +0 large shield (worn)
 r - a +1 pair of gloves (worn)
 s - a +0 chain mail (worn)
Magical Staves
 C - an uncursed staff of energy {unknown}
Jewellery
 p - a ring of fire (left hand)
 x - an amulet of guardian spirit (around neck)
Wands
 c - a wand of iceblast (2)
 n - a wand of digging (4)
Scrolls
 a - a scroll of magic mapping
 b - a scroll of blinking {unknown}
 e - a scroll of amnesia
 g - a scroll of fog
 i - 9 scrolls of teleportation
 j - a scroll of noise {unknown}
Potions
 l - 4 potions of curing
 m - 2 potions of cancellation {unknown}
 t - a potion of brilliance {unknown}
 u - 3 potions of agility
 v - a potion of heal wounds
 w - a potion of might
 z - a potion of resistance {unknown}
 A - 4 potions of magic
 B - 3 potions of haste
 D - a potion of ambrosia {unknown}
Comestibles
 f - 11 rations


   Skills:
 + Level 8.0 Fighting
 * Level 9.8 Maces & Flails
 + Level 8.1 Armour
 + Level 8.1 Shields
 + Level 2.5 Invocations


You had 9 spell levels left.
You didn't know any spells.
Your spell library contained the following spells:

 Spells                   Type           Power        Failure   Level  Hunger
 Magic Dart               Conj           #...         100%        1    ##.....
 Blink                    Tloc           N/A          100%        2    ###....
 Call Imp                 Summ           #.......     100%        2    ###....
 Slow                     Hex            #.......     100%        2    ###....
 Conjure Flame            Conj/Fire      #.......     100%        3    ####...
 Mephitic Cloud           Conj/Pois/Air  #.......     100%        3    ####...


Dungeon Overview and Level Annotations

Branches:
Dungeon (8/15)             Temple (1/1) D:7
   Lair: D:8-11

Altars:
Ashenzari
Cheibriados
Dithmenos
Fedhas
Gozag
Kikubaaqudgha
Makhleb
Nemelex Xobeh
Okawaru
Qazlal
Sif Muna
Trog
Uskayaw
Vehumet
Wu Jian
Zin
The Shining One

Shops:
D:5 *[(


Innate Abilities, Weirdness & Mutations

You are resistant to torment.
Your stone body is resilient. (AC +7)
You are immune to poison.
You resist negative energy. (rN+)
You are resistant to electric shocks. (rElec)
You can survive without breathing.
You are immune to petrification.
You are immune to rotting.


Message History

Beogh smites you! You block the orc priest's attack.
You are too injured to fight recklessly!
You are too injured to fight recklessly!
You are too injured to fight recklessly!
You are too injured to fight recklessly!
The orc warrior hits you from afar with a +0 trident!
You see here a fizzy blue potion.
The orc priest looks encouraged for a moment.
The orc priest invokes the aid of Beogh against you.
Beogh smites you!
* * * LOW HITPOINT WARNING * * *
The orc wizard casts a spell at you.
The puff of frost hits you but does no damage.
The orc priest calls upon Beogh to heal the orc warrior.
The orc warrior is healed somewhat.
The orc priest invokes the aid of Beogh against you.
You are unaffected.
The orc priest calls down the wrath of Beogh upon you.
Beogh smites you!
You die...

##### ##...##
##...<.## #...(...#
#.......# ###.......#
###........##
#..o.@......#
##o..#.......#
######..o##.......#
#...[..!.###.....####
#........# ##...#...#
#....o..## ###.#...#
.........# #†#...#
.....?..## #.#...#
........: #.#...#


You could see 2 orc priests, an orc wizard and an orc.

Vanquished Creatures
  Harold (D:7)
  A hippogriff (D:8)
  4 hogs (D:7)
  A hungry ghost (D:7)
  A human (D:7)
  Edmund (D:5)
  2 ice beasts
  2 sky beasts
  2 ogres
  7 centaurs
  A crocodile (D:8)
  3 bullfrogs (D:7)
  2 water moccasin zombies (Ossuary)
  A wyvern skeleton (D:7)
  2 scorpions
  5 howler monkeys
  4 crimson imps
  3 centaur zombies
  2 hounds
  5 orc wizards
  A bullfrog skeleton (D:8)
  5 orc priests
  A centaur skeleton (D:5)
  Crazy Yiuf (D:7)
  5 worker ants
  5 iguanas
  3 big kobold zombies (Ossuary)
  3 mummies
  7 gnolls
  11 adders
  An ooze (D:2)
  5 adder zombies (Ossuary)
  A worm (D:7)
  3 adder skeletons
  4 dart slugs
  5 leopard geckos
  20 orcs
  8 bats
  5 giant cockroaches
  9 goblins
  7 hobgoblins
  20 jackals
  5 kobolds
  3 quokkas
  4 ball pythons
  2 frilled lizards
  2 gnoll zombies (Ossuary)
  7 hobgoblin zombies (Ossuary)
  A jackal skeleton (D:4)
  5 kobold zombies (Ossuary)
  6 orc zombies (Ossuary)
  2 quokka zombies
  9 rats
226 creatures vanquished.

Notes
Turn   | Place    | Note
-------+----------+-------------------------------------------
     0 | D:1      | Freyura the Gargoyle Fighter began the quest for the Orb.
     0 | D:1      | Reached XP level 1. HP: 14/14 MP: 1/1
   313 | D:1      | Reached XP level 2. HP: 19/19 MP: 2/2
   999 | D:2      | Reached XP level 3. HP: 20/23 MP: 3/3
  1012 | D:2      | Reached skill level 3 in Maces & Flails
  1012 | D:2      | Reached XP level 4. HP: 18/29 MP: 4/4
  1063 | D:2      | Found a stormy altar of Qazlal.
  1063 | D:2      | Found a shadowy altar of Dithmenos.
  1161 | D:2      | You fall through a shaft for 2 floors!
  1335 | D:4      | Reached XP level 5. HP: 32/33 MP: 5/5
  1775 | D:3      | Reached skill level 4 in Maces & Flails
  1812 | D:2      | Reached XP level 6. HP: 32/38 MP: 6/6
  2124 | D:2      | Found a deep blue altar of Sif Muna.
  3111 | D:5      | Entered Level 5 of the Dungeon
  3112 | D:5      | Found Buehukk's Armour Shoppe.
  3131 | D:5      | Reached XP level 7. HP: 29/44 MP: 7/7
  3136 | D:5      | Reached skill level 5 in Maces & Flails
  3136 | D:5      | Reached skill level 5 in Armour
  3174 | D:5      | Reached skill level 5 in Shields
  3361 | D:5      | Bought a +0 large shield for 54 gold pieces
  3361 | D:5      | Bought a +0 pair of gloves for 54 gold pieces
  3406 | D:5      | Found Efilat's Antique Weapon Emporium.
  3435 | D:5      | Reached skill level 5 in Fighting
  3491 | D:5      | Noticed Edmund
  3506 | D:5      | Killed Edmund
  3506 | D:5      | Reached XP level 8. HP: 34/49 MP: 8/8
  3522 | D:5      | Reached skill level 6 in Maces & Flails
  3978 | D:5      | Found Siuqaaw's General Store.
  3981 | D:5      | Bought a potion of heal wounds for 50 gold pieces
  4148 | D:6      | Found a burning altar of Makhleb.
  4246 | D:6      | Found a sand-covered staircase.
  4263 | Ossuary  | Entered an ossuary
  4509 | Ossuary  | Reached skill level 7 in Maces & Flails
  4673 | D:6      | Reached XP level 9. HP: 39/56 MP: 7/9
  4720 | D:6      | Found a blossoming altar of Fedhas.
  5216 | D:7      | Reached skill level 8 in Maces & Flails
  5311 | D:7      | Found an iron altar of Okawaru.
  5337 | D:7      | Noticed Harold
  5359 | D:7      | Killed Harold
  5546 | D:7      | Reached skill level 9 in Maces & Flails
  5566 | D:7      | Found a glowing silver altar of Zin.
  5606 | D:7      | Reached XP level 10. HP: 63/63 MP: 10/10
  5612 | D:7      | Became a worshipper of Zin the Law-Giver
  5753 | D:7      | Reached * piety under Zin
  5875 | D:7      | Reached skill level 1 in Invocations
  5996 | D:7      | Found a staircase to the Ecumenical Temple.
  6010 | Temple   | Entered the Ecumenical Temple
  6028 | Temple   | Fell from the grace of Zin
  6028 | Temple   | Became a worshipper of the Shining One
  6087 | D:7      | Found a shadowy altar of Dithmenos.
  6136 | D:7      | Found a runed translucent door.
  6137 | D:7      | Noticed Crazy Yiuf
  6206 | D:7      | Found a snail-covered altar of Cheibriados.
  6462 | D:7      | Killed Crazy Yiuf
  6870 | D:8      | Reached * piety under the Shining One
  6915 | D:8      | Killed from afar by an orc priest

Skill      XL: |  1  2  3  4  5  6  7  8  9 10 |
---------------+-------------------------------+-----
Maces & Flails | 3 4 5 7 9 |  9.8
Fighting       | 4 5 6 7 8 |  8.0
Armour         | 4 5 6 7 8 |  8.1
Shields        | 4 5 6 7 8 |  8.1
Invocations    | 2 |  2.5

Action                   |  1- 3 |  4- 6 |  7- 9 | 10-12 || total
-------------------------+-------+-------+-------+-------++-------
Melee: Flail             |    76 |     8 |       |       ||    84
       Whip              |       |   247 |   534 |   193 ||   974
Evoke: Wand              |       |       |     5 |     1 ||     6
  Use: Potion            |     1 |     1 |     1 |       ||     3
       Scroll            |       |    11 |     5 |     1 ||    17
  Eat: Ration            |       |     4 |     4 |     2 ||    10
Armor: Scale mail        |    53 |   175 |    15 |       ||   243
       Chain mail        |       |       |   207 |    60 ||   267
Dodge: Dodged            |    30 |    85 |    61 |    10 ||   186
Block: Shield            |    41 |   170 |    61 |       ||   272
       Large shield      |       |       |   285 |   102 ||   387
